 Dungeon Crawl Stone Soup version 0.31-a0-7-g51783674b7 (webtiles) character file.

Game seed: 7692916251076387198

319 bande the Chopper (level 6, -2/39 HPs)
             Began as a Gargoyle Fighter on May 6, 2023.
             Slain by Ijyb
             ... wielding a +0 club
              (4 damage)
             ... on level 3 of the Dungeon.
             The game lasted 00:04:27 (1553 turns).

bande the Chopper (Gargoyle Fighter)                Turns: 1553, Time: 00:04:27

Health: -2/39      AC: 13    Str: 18 (20) XL:     6   Next: 45%
Magic:  6/6        EV:  7    Int:  6 (8)  God:
Gold:   150        SH:  4    Dex: 10 (11) Spells: 5/5 levels left

rFire   . . .        a - +0 war axe
rCold   . . .        c - +0 buckler
rNeg    + . .        p - +0 chain mail
rPois   ∞            (no helmet)
rElec   +            (no cloak)
rCorr   .            (no gloves)
SInv    .            (no boots)
Will    .....        (no amulet) Stlth
                     (no ring)
HPRegen 0.26/turn    (no ring)
MPRegen 0.10/turn

%: no passive effects
@: no status effects
A: sickness immunity, AC +4, negative energy resistance 1, electricity
resistance, torment resistance 1, petrification resistance
a: no special abilities


You were on level 3 of the Dungeon.
You visited 1 branch of the dungeon, and saw 3 of its levels.

You collected 150 gold pieces.

Inventory:

Hand Weapons
 a - a +0 war axe (weapon)
 f - a +1 sling of flaming
Armour
 c - a +0 buckler (worn)
 p - a +0 chain mail (worn)
Scrolls
 g - a scroll of butterflies
Potions
 h - a potion of curing {unknown}
 k - a potion of heal wounds {unknown}
 l - a potion of mutation {unknown}
 n - 2 potions of magic
 o - a potion of cancellation {unknown}


   Skills:
 + Level 4.3 Fighting
 + Level 4.5 Axes
 + Level 4.3 Armour
 - Level 0.4 Stealth
 + Level 4.0 Shields


You had 5 spell levels left.
You didn't know any spells.
Your spell library contained the following spells:

 Spells                   Type           Power      Damage    Failure   Level
 Magic Dart               Conj           0%         1d3       99%         1
 Searing Ray              Conj           0%         2d4       100%        2
 Dazzling Flash           Conj/Hex       0%         N/A       100%        3
 Fulminant Prism          Conj/Hex       0%         3d5       100%        4
 Agony                    Necr           0%         N/A       100%        5
 Silence                  Hex/Air        0%         N/A       100%        5


Dungeon Overview and Level Annotations

Branches:
Dungeon (3/15)

Altars:

Annotations:
D:3 Ijyb


Innate Abilities, Weirdness & Mutations

You are immune to sickness and miasma.
Your stone body is resilient. (AC +4)
You are immune to poison.
You resist negative energy. (rN+)
You are resistant to electric shocks. (rElec)
You are resistant to unholy torment.
You are immune to petrification.


Message History

The iguana bites you. Ijyb hits you but does no damage.
You barely miss the iguana.
The iguana is heavily wounded.
You hit Ijyb. The iguana barely misses you. Ijyb hits you but does no damage.
The iguana bites you but does no damage.
Ijyb hits you but does no damage.
You barely miss Ijyb.
Ijyb is moderately wounded.
You closely miss the iguana.
The iguana bites you but does no damage.
Ijyb hits you with a +0 club.
You miss Ijyb.
Ijyb is moderately wounded.
You completely miss the iguana. The iguana bites you!
* * * LOW HITPOINT WARNING * * *
Ijyb hits you with a +0 club.
* * * LOW HITPOINT WARNING * * *
The iguana attacks as you move away!
The iguana bites you but does no damage.
You barely miss the iguana.
The iguana is heavily wounded.
You closely miss Ijyb.
You feel less confused. Ijyb screams, "Me kill you!"
Ijyb hits you but does no damage. The iguana barely misses you.
The iguana bites you.
* * * LOW HITPOINT WARNING * * *
Ijyb hits you but does no damage.
You barely miss the iguana.
The iguana is heavily wounded.
You hit Ijyb but do no damage.
The iguana bites you but does no damage.
You block Ijyb's attack.
Unknown command.
It was a potion of degeneration.
There was something very wrong with that liquid.
You feel weakened.
You feel dopey.
You feel clumsy.
The iguana bites you but does no damage.
Ijyb hits you with a +0 club.
You die...

.........# #........#
.........# #........#
.........######........#
.........##............#
#......................#
.##.....######........#
#..†### ##.........#
#...# ##...lg..####
#...# #....@....# ##.#.#
#.........# ###†.#.#
#.........# #....#.#
#.........# ..##.#.#
#.........# ..##...#
#.........# .....###
#..?....[.# ...#.#
..........# .....#


You could see Ijyb and an iguana.

Vanquished Creatures
  Sigmund (D:2)
  A black bear (D:3)
  An adder (D:2)
  A worm (D:3)
  7 bats
  2 endoplasms (D:1)
  6 goblins
  5 hobgoblins
  4 jackals (D:1)
  8 kobolds
  2 quokkas (D:1)
  5 ball pythons
  2 frilled lizards (D:1)
  3 rats
48 creatures vanquished.

Notes
Turn   | Place    | Note
-------+----------+-------------------------------------------
     0 | D:1      | bande the Gargoyle Fighter began the quest for the Orb.
     0 | D:1      | Reached XP level 1. HP: 14/14 MP: 1/1
   142 | D:1      | Reached XP level 2. HP: 16/19 MP: 2/2
   358 | D:1      | Reached XP level 3. HP: 22/23 MP: 3/3
   908 | D:2      | Identified the +0 robe of Honesty {+Blink Dex+4}
   958 | D:2      | Noticed Sigmund
   983 | D:2      | Killed Sigmund
   984 | D:2      | Reached XP level 4. HP: 21/29 MP: 4/4
   984 | D:2      | Reached XP level 5. HP: 24/33 MP: 5/5
   984 | D:2      | Reached XP level 6. HP: 27/38 MP: 6/6
  1433 | D:3      | Noticed a black bear
  1446 | D:3      | Killed a black bear
  1525 | D:3      | Noticed Ijyb
  1553 | D:3      | Slain by Ijyb

Illustrated notes

Levels and vault maps discovered:
D:1:      dpeg_arrival_rhombus, layout_basic, minmay_tetromino_o4
D:2:      layout_rooms, roderic_lattice_a, uniq_sigmund
D:3:      layout_rooms, gammafunk_temple_overflow_statue, serial_shops, shop,
          uniq_ijyb, uniq_crazy_yiuf_cottage

Skill      XL: |  1  2  3 |
---------------+----------+-----
Axes           | 2 4 |  4.5
Fighting       | 4 |  4.3
Armour         | 4 |  4.3
Shields        | 4 |  4.0
Stealth        | |  0.4

Action                     |  1- 3 |  4- 6 || total
---------------------------+-------+-------++-------
  Melee: War axe           |   115 |    38 ||   153
    Use: Potion            |     1 |     1 ||     2
         Scroll            |       |     8 ||     8
 Armour: Scale mail        |    82 |       ||    82
         Chain mail        |     8 |    53 ||    61
  Dodge: Dodged            |    64 |    26 ||    90
  Block: Buckler           |    32 |     7 ||    39

Table legend: (Time is in decaauts)
 A = Elapsed time spent in this place.
 B = Non-inter-level travel time spent in this place.
 C = Inter-level travel time spent in this place.
 D = Time resting spent in this place.
 E = Time spent auto-exploring this place.
 F = Levels seen in this place.
 G = Mean time per level.
                   A        B        C        D        E       F      G
               +--------+--------+--------+--------+--------+-----+--------+
         Total |   1613 |   1584 |     29 |     60 |   1030 |   3 |  537.7 |
       Dungeon |   1613 |   1584 |     29 |     60 |   1030 |   3 |  537.7 |
               +--------+--------+--------+--------+--------+-----+--------+

Top non-repeatable levels by time:
     D:2: 795 daAuts
     D:1: 643 daAuts
     D:3: 174 daAuts
